 Dungeon Crawl Stone Soup version 0.28-a0-1429-gf3d713df7a (webtiles) character file.

Game seed: 11120068180557774474

22 somkeydreadnuts the Digger (level 2, -1/15 HPs)
             Began as a Gargoyle Earth Elementalist on Jan 9, 2022.
             Slain by a hobgoblin (2 damage)
             ... on level 1 of the Dungeon.
             The game lasted 00:09:52 (561 turns).

somkeydreadnuts the Digger (GrEE)                    Turns: 561, Time: 00:09:52

Health: -1/15      AC:  5    Str: 11    XL:     2   Next: 91%
Magic:  5/5        EV: 11    Int: 15    God:
Gold:   14         SH:  0    Dex: 10    Spells: 4/5 levels left

rFire   . . .      SeeInvis .   a - +0 club
rCold   . . .      Faith    .   (no shield)
rNeg    + . .      Spirit   .   b - +0 robe
rPois   ∞          Reflect  .   (no helmet)
rElec   +          Harm     .   (no cloak)
rCorr   .          Rampage  .   g - +0 pair of gloves
Will    .....                   (no boots)
Stlth   ++........              (no amulet)
HPRegen 0.05/turn               (no ring)
MPRegen 0.09/turn               (no ring)

@: no status effects
A: sickness immunity, AC +2, negative energy resistance 1, electricity
resistance, torment resistance 1, petrification resistance
a: no special abilities


You were on level 1 of the Dungeon.
You visited 1 branch of the dungeon, and saw 1 of its levels.

You collected 14 gold pieces.

Inventory:

Hand Weapons
 a - a +0 club (weapon)
 d - a +0 dagger
 e - a +0 dagger
 h - a +0 dagger
Missiles
 c - 11 stones
 i - 25 arrows
Armour
 b - a +0 robe (worn)
 f - a +0 leather armour
 g - a +0 pair of gloves (worn)
Scrolls
 k - a scroll of torment {unknown}
Potions
 j - a potion of flight {unknown}


   Skills:
 + Level 0.1 Fighting
 + Level 1.5 Dodging
 + Level 2.6 Stealth
 * Level 2.3 Spellcasting
 + Level 0.7 Transmutations
 * Level 4.2 Earth Magic


You had 4 spell levels left.
You knew the following spells:

 Your Spells              Type           Power      Damage    Failure   Level
a - Sandblast             Erth           28%        2d8       3%          1

Your spell library contained the following spells:

 Spells                   Type           Power      Damage    Failure   Level
 Passwall                 Tmut/Erth      7%         N/A       12%         2
 Stone Arrow              Conj/Erth      16%        3d8       26%         3
 Petrify                  Tmut/Erth      9%         N/A       58%         4


Dungeon Overview and Level Annotations

Branches:
Dungeon (1/15)

Altars:


Innate Abilities, Weirdness & Mutations

You are immune to sickness and miasma.
Your stone body is resilient. (AC +2)
You are immune to poison.
You resist negative energy. (rN+)
You are resistant to electric shocks. (rElec)
You are resistant to unholy torment.
You are immune to petrification.


Message History

An endoplasm comes into view.
Casting: Sandblast (safe; 4% risk of failure)
Confirm with . or Enter, or press ? or * to list all spells.
Aiming: Sandblast (safe; 4% risk of failure)
Press: ? - help, Shift-Dir - straight line, f - endoplasm
Aim: an endoplasm (asleep, 100% to hit)
The blast of sand hits the endoplasm!
You kill the endoplasm!
You see here a +0 whip.
Found 16 stones.
A kobold comes into view. It is wielding a +0 club.
The kobold shouts!
You hear a shout!
An endoplasm comes into view.
You closely miss the kobold. The kobold hits you with a +0 club.
You closely miss the kobold. The kobold hits you but does no damage.
You closely miss the kobold. The kobold barely misses you.
You hit the kobold.
You kill the kobold!
Things that are here:
a +0 club; a kobold corpse An endoplasm comes into view.
The endoplasm freezes you.
You are frozen.
The endoplasm quivers.
You hit the endoplasm.
The endoplasm is severely wounded.
The endoplasm hits you.
You hit the endoplasm.
You kill the endoplasm!
A hobgoblin comes into view.
The hobgoblin shouts!
The endoplasm freezes you.
You are frozen.
You see here 16 stones.
The hobgoblin hits you.
* * * LOW HITPOINT WARNING * * *
You hit the hobgoblin.
The hobgoblin is moderately wounded.
The endoplasm barely misses you. The hobgoblin hits you.
You die...

........#
#...#.#
#########
#####.# #
#.# ## #.#
.### #)#
...##
#######.###
....#
..........#
....#
.......J..#
....#
.......@..#
....#
.......g..#
....#
..........#
....+
..........#
....#
..........#
....#
..........#
....#
..........#
....#
..........#
....#


You could see an endoplasm and a hobgoblin.

Vanquished Creatures
  3 endoplasms (D:1)
  2 giant cockroaches (D:1)
  2 goblins (D:1)
  A hobgoblin (D:1)
  3 ball pythons (D:1)
  A bat (D:1)
  5 kobolds (D:1)
  3 rats (D:1)
20 creatures vanquished.

Notes
Turn   | Place    | Note
-------+----------+-------------------------------------------
     0 | D:1      | somkeydreadnuts the Gargoyle Earth Elementalist began the
                  | quest for the Orb.
     0 | D:1      | Reached XP level 1. HP: 10/10 MP: 3/3
   219 | D:1      | Reached XP level 2. HP: 15/15 MP: 1/5
   233 | D:1      | Reached skill level 4 in Earth Magic
   561 | D:1      | Slain by a hobgoblin

Illustrated notes

Levels and vault maps discovered:
D:1:      lordsloth_arrival_two_stooges, layout_basic, minmay_misc_feat_tiny

Skill      XL: |  1  2 |
---------------+-------+-----
Earth Magic    | 4 |  4.2
Fighting       | |  0.1
Dodging        | |  1.5
Stealth        | |  2.6
Spellcasting   | |  2.3
Transmutations | |  0.7

Action                   || total
-------------------------++-------
Melee: Unarmed           ||     2
       Club              ||    25
 Cast: Sandblast         ||    19
  Use: Potion            ||     1
 Stab: Sleeping          ||     1
Armor: Robe              ||    17
Dodge: Dodged            ||    26

Table legend: (Time is in decaauts)
 A = Elapsed time spent in this place.
 B = Non-inter-level travel time spent in this place.
 C = Inter-level travel time spent in this place.
 D = Time resting spent in this place.
 E = Time spent auto-exploring this place.
 F = Levels seen in this place.
 G = Mean time per level.
                   A        B        C        D        E       F      G
               +--------+--------+--------+--------+--------+-----+--------+
         Total |    568 |    568 |      0 |      0 |     33 |   1 |  568.0 |
       Dungeon |    568 |    568 |      0 |      0 |     33 |   1 |  568.0 |
               +--------+--------+--------+--------+--------+-----+--------+

Top non-repeatable levels by time:
     D:1: 568 daAuts
